 Dungeon Crawl Stone Soup version 0.32-a0-42-ga30500b4d3 (webtiles) character file.

Game seed: 3571073508208718971

49 PriceMaster the Firebug (level 3, -4/21 HPs)
             Began as an Octopode Fire Elementalist on Feb 2, 2024.
             Succumbed to a goblin's poison
             ... on level 2 of the Dungeon on Feb 3, 2024.
             The game lasted 00:03:07 (2820 turns).

PriceMaster the Firebug (OpFE)                      Turns: 2820, Time: 00:03:08

Health: -4/21      AC:  1    Str:  7    XL:     3   Next: 77%
Magic:  3/7        EV: 13    Int: 19    God:
Gold:   146        SH:  0    Dex: 12    Spells: 1/7 levels left

rFire   . . .        m - +2 whip (elec)
rCold   . . .        (no shield)
rNeg    . . .        (helmet restricted)
rPois   .            (no amulet)
rElec   .            (no ring)
rCorr   .            (no ring)
SInv    .            (no ring)
Will    .....        (no ring)
Stlth   +++          (no ring)
HPRegen 0.23/turn    (no ring)
MPRegen 0.10/turn    (no ring)
                     (no ring)

%: no passive effects
@: brilliant, lethally poisoned (-4 -> -30), very slightly contaminated
A: almost no armour, amphibious, 8 rings, camouflage 1, gelatinous body 1,
(nimble swimmer 1), tentacles
a: no special abilities


You were on level 2 of the Dungeon.
You visited 1 branch of the dungeon, and saw 3 of its levels.

You collected 146 gold pieces.

Inventory:

Hand Weapons
 b - a +0 short sword
 m - a +2 whip of electrocution (weapon)
Jewellery
 l - a +5 ring of evasion
Scrolls
 c - a scroll of brand weapon {unknown}
 d - a scroll of noise {unknown}
 e - a scroll of immolation {unknown}
 f - a scroll of teleportation {unknown}
 g - a scroll of identify {unknown}
 j - a scroll of fear {unknown}
 k - a scroll of revelation {unknown}
Potions
 a - a potion of magic


   Skills:
 + Level 0.2 Short Blades
 + Level 2.4 Dodging
 + Level 3.1 Stealth
 + Level 2.6 Spellcasting
 + Level 1.1 Conjurations
 + Level 3.4 Fire Magic


You had one spell level left.
You knew the following spells:

 Your Spells              Type           Power      Damage    Failure   Level
a - Foxfire               Conj/Fire      68%        2x1d7     6%          1
b - Scorch                Fire           46%        2d6       6%          2
c - Inner Flame           Hex/Fire       13%        N/A       24%         3

Your spell library contained the following spells:

 Spells                   Type           Power      Damage    Failure   Level
 Volatile Blastmotes      Fire/Tloc      26%        2d12      24%         3
 Flame Wave               Conj/Fire      17%        2d7       52%         4


Dungeon Overview and Level Annotations

Branches:
Dungeon (3/15)

Altars:
Uskayaw


Innate Abilities, Weirdness & Mutations

You cannot wear most types of armour.
You are amphibious.
You can wear up to eight rings at the same time.
Your skin changes colour to match your surroundings (Stealth+).
Your rubbery body absorbs attacks. (AC +1, EV +1)
((You are camouflaged when in or above water. (Stealth+)))
You have tentacles for arms and can constrict up to eight enemies at once.


Message History

You feel very sick. The adder bites you.
You are lethally poisoned!
The adder poisons you! The kobold misses you. The goblin barely misses you.
You climb upwards.
You feel very sick.
There is a stone staircase leading down, spattered with blood here.
It was a potion of heal wounds.
You feel much better.
You feel very sick. The adder barely misses you. The goblin barely misses you.
The kobold closely misses you. The adder bites you.
You are lethally poisoned!
The adder poisons you!
Casting: Scorch (safe; 6% risk of failure)
Confirm with . or Enter, or press ? or * to list all spells.
You miscast Scorch.
You are very lightly contaminated with residual magic.
Nothing appears to happen.
You feel very sick. The adder misses you.
The goblin hits you with a +1 dagger of venom.
You are more poisoned.
The kobold hits you with a +3 whip.
* * * LOW HITPOINT WARNING * * *
You feel much better.
You feel very sick. The adder misses you.
The goblin hits you with a +1 dagger of venom.
You are more poisoned.
The kobold hits you with a +3 whip.
Casting: Scorch (safe; 6% risk of failure)
Confirm with . or Enter, or press ? or * to list all spells.
Flames lash the kobold.
You kill the kobold!
* * * LOW HITPOINT WARNING * * *
You feel extremely sick. The adder misses you. The goblin misses you.
It was a potion of brilliance.
You feel clever all of a sudden.
You die...

###.#...........###.......#
....#.............(.......#
.####.......#####.........# ###
.+.....[._..#####+#.......# #..
.####..............##.####### #.#
.# #..............##.......# #.#
.####..............########.# #.#
.+..'..........g)..# #.###'#
.####..........)@S.# #......
......#+#+########## #......
##......#.#### #......
.............##############......
.............'..................#
.<...........##.............#####
#####'#......##.............#....
......#......##.............#.###
#######.#.#'##..............#.#..


You could see an adder and a goblin.

Vanquished Creatures
  A dart slug (D:2)
  2 orcs (D:2)
  3 endoplasms
  A giant cockroach (D:1)
  4 goblins (D:1)
  8 hobgoblins
  4 jackals (D:2)
  A quokka (D:1)
  5 ball pythons
  4 bats
  A frilled lizard (D:1)
  3 kobolds
  3 rats
40 creatures vanquished.

Vanquished Creatures (others)
  43 foxfires
43 creatures vanquished.

Grand Total: 83 creatures vanquished

Notes
Turn   | Place    | Note
-------+----------+-------------------------------------------
     0 | D:1      | PriceMaster the Octopode Fire Elementalist began the quest
                  | for the Orb.
     0 | D:1      | Reached XP level 1. HP: 11/11 MP: 3/3
   274 | D:1      | Reached XP level 2. HP: 17/17 MP: 1/5
   284 | D:1      | Learned a level 2 spell: Scorch
   581 | D:1      | Reached XP level 3. HP: 16/21 MP: 1/6
  1376 | D:2      | Found a faded altar of an unknown god.
  1464 | D:2      | Learned a level 3 spell: Inner Flame
  1792 | D:2      | Found a hide-covered altar of Uskayaw.
  2820 | D:2      | Succumbed to a goblin's poison

Illustrated notes

Levels and vault maps discovered:
D:1:      saegor_arrival_under_anarchy, layout_basic
D:2:      layout_basic, basic_altar, shapermc_ecumenical_altar_acropolis
D:3:      layout_basic

Skill      XL: |  1  2 |
---------------+-------+-----
Stealth        | 3 |  3.1
Short Blades   | |  0.2
Dodging        | |  2.4
Spellcasting   | |  2.6
Conjurations   | |  1.1
Fire Magic     | |  3.4

Action                     || total
---------------------------++-------
  Melee: Short sword       ||    30
         Unarmed           ||     3
         Constrict         ||    10
         Tentacles         ||     7
   Cast: Foxfire           ||    26
         Scorch            ||    12
         Inner Flame       ||     2
    Use: Potion            ||     3
   Stab: Sleeping          ||     2
 Armour: Skin              ||    28
  Dodge: Dodged            ||    33

Table legend: (Time is in decaauts)
 A = Elapsed time spent in this place.
 B = Non-inter-level travel time spent in this place.
 C = Inter-level travel time spent in this place.
 D = Time resting spent in this place.
 E = Time spent auto-exploring this place.
 F = Levels seen in this place.
 G = Mean time per level.
                   A        B        C        D        E       F      G
               +--------+--------+--------+--------+--------+-----+--------+
         Total |   2820 |   2733 |     87 |    558 |   1940 |   3 |  940.0 |
       Dungeon |   2820 |   2733 |     87 |    558 |   1940 |   3 |  940.0 |
               +--------+--------+--------+--------+--------+-----+--------+

Top non-repeatable levels by time:
     D:2: 1484 daAuts
     D:1: 1329 daAuts
     D:3: 6 daAuts
